 Dungeon Crawl Stone Soup version 0.28.0-53-g5a82cb258f (webtiles) character file.

Game seed: 6336573396539511059

40 bnorton916 the Firebug (level 3, -2/19 HPs)
             Began as a Deep Elf Fire Elementalist on June 2, 2022.
             Slain by Terence
             ... wielding a +2 mace of protection
              (7 damage)
             ... on level 2 of the Dungeon.
             The game lasted 00:01:19 (1645 turns).

bnorton916 the Firebug (Deep Elf Fire Elementalist) Turns: 1645, Time: 00:01:20

Health: -2/19      AC:  2    Str:  5    XL:     3   Next: 30%
Magic:  9/10       EV: 12    Int: 21    God:
Gold:   41         SH:  0    Dex: 15    Spells: 8/9 levels left

rFire   . . .      SeeInvis .   (no weapon)
rCold   + . .      Faith    .   (no shield)
rNeg    . . .      Spirit   .   a - +0 robe
rPois   +          Reflect  .   (no helmet)
rElec   .          Harm     .   (no cloak)
rCorr   .          Rampage  .   (no gloves)
Will    .....                   (no boots)
Stlth   ++........              (no amulet)
HPRegen 0.06/turn               f - ring of poison resistance
MPRegen 0.12/turn               b - ring of protection from cold

@: no status effects
A: no striking features
a: no special abilities


You were on level 2 of the Dungeon.
You visited 1 branch of the dungeon, and saw 2 of its levels.

You collected 41 gold pieces.

Inventory:

Missiles
 d - 52 stones
Armour
 a - a +0 robe (worn)
Jewellery
 b - a ring of protection from cold (right hand)
 f - a ring of poison resistance (left hand)
 g - an amulet of the acrobat
Scrolls
 h - a scroll of blinking {unknown}
Potions
 c - 2 potions of curing {unknown}
 e - a potion of lignification {unknown}


   Skills:
 - Level 2.4 Dodging
 - Level 2.4 Stealth
 + Level 3.8 Spellcasting
 + Level 2.2 Conjurations
 + Level 3.8 Fire Magic


You had 8 spell levels left.
You knew the following spells:

 Your Spells              Type           Power      Damage    Failure   Level
a - Foxfire               Conj/Fire      64%        2x1d7     3%          1

Your spell library contained the following spells:

 Spells                   Type           Power      Damage    Failure   Level
 Scorch                   Fire           40%        2d7       3%          2
 Conjure Flame            Conj/Fire      16%        6-21      11%         3
 Inner Flame              Hex/Fire       12%        N/A       17%         3
 Dazzling Flash           Conj/Hex       16%        N/A       22%         3
 Flame Wave               Conj/Fire      16%        2d6       34%         4
 Tukima's Dance           Hex            4%         N/A       36%         3
 Anguish                  Hex/Necr       2%         N/A       77%         4
 Agony                    Necr           4%         N/A       98%         5
 Silence                  Hex/Air        2%         N/A       98%         5
 Enfeeble                 Hex            2%         N/A       100%        7


Dungeon Overview and Level Annotations

Branches:
Dungeon (2/15)

Altars:
Elyvilon

Annotations:
D:2 Terence


Message History

You conjure some foxfire!
Casting: Foxfire (safe; 3% risk of failure)
Confirm with . or Enter, or press ? or * to list all spells.
You conjure some foxfire!
Your magical contamination has completely faded away.
Casting: Foxfire (safe; 3% risk of failure)
Confirm with . or Enter, or press ? or * to list all spells.
You conjure some foxfire!
Your foxfire dissipates!
The foxfire hits Terence but does no damage.
Casting: Foxfire (safe; 3% risk of failure)
Confirm with . or Enter, or press ? or * to list all spells.
You conjure some foxfire!
The foxfire hits Terence but does no damage.
Casting: Foxfire (safe; 3% risk of failure)
Confirm with . or Enter, or press ? or * to list all spells.
There is not enough space to conjure foxfire!
Casting: Foxfire (safe; 3% risk of failure)
Confirm with . or Enter, or press ? or * to list all spells.
There is not enough space to conjure foxfire!
Your foxfire dissipates!
Terence says, "Time to say good-bye..."
There is a stone staircase leading up here.
You climb upwards.
There is a stone staircase leading down here.
Terence barely misses you.
You climb downwards.
There is a stone staircase leading up here.
Terence hits you with a +2 mace of protection.
Terence says, "Rest in peace."
Terence shouts, "Now you die!"
Casting: Foxfire (safe; 3% risk of failure)
Confirm with . or Enter, or press ? or * to list all spells.
You conjure some foxfire!
Terence hits you with a +2 mace of protection!
Ouch! That really hurt!
* * * LOW HITPOINT WARNING * * *
The foxfire hits Terence but does no damage. x2
Terence hits you with a +2 mace of protection!
You die...

#.###.......# #...##....#.
#...........####...##....#.
#####..............#
#†...........###
####.#.......# #.........#
###.......####
#####..........#
#...§@....####.#
####...§.@...####.##
...................#
####...............#
#...............#
#...............#
#...............#
#...............#
##########.......#


You could see Terence.

Vanquished Creatures
  A gnoll (D:1)
  A bat (D:1)
  3 endoplasms
  7 goblins
  2 hobgoblins
  2 ball pythons
  4 frilled lizards (D:1)
  4 kobolds (D:1)
  5 rats
29 creatures vanquished.

Vanquished Creatures (others)
  140 foxfires
140 creatures vanquished.

Grand Total: 169 creatures vanquished

Notes
Turn   | Place    | Note
-------+----------+-------------------------------------------
     0 | D:1      | bnorton916 the Deep Elf Fire Elementalist began the quest
                  | for the Orb.
     0 | D:1      | Reached XP level 1. HP: 10/10 MP: 6/6
   400 | D:1      | Reached XP level 2. HP: 15/15 MP: 6/8
   903 | D:1      | Reached XP level 3. HP: 19/19 MP: 5/10
  1346 | D:2      | Found a white marble altar of Elyvilon.
  1559 | D:2      | Noticed Terence
  1645 | D:2      | Slain by Terence

Illustrated notes

Levels and vault maps discovered:
D:1:      tarquinn_simple_flora_water_b, layout_loops_cross, due_unseen_surprise
D:2:      layout_basic, nicolae_ecumenical_lake_church, basic_altar,
          chequers_serial_rivers_micro_b, uniq_terence

Skill      XL: |  1  2 |
---------------+-------+-----
Conjurations   | 2 |  2.2
Dodging        | |  2.4
Stealth        | |  2.4
Spellcasting   | |  3.8
Fire Magic     | |  3.8

Action                   || total
-------------------------++-------
 Cast: Foxfire           ||    93
Dodge: Dodged            ||     8
